Boston Bruins vs Vegas Golden Knights
Created - Wednesday, October 18, 2023 at 06:39
Goals
|
| Boston Bruins |
1 |
1 |
0 |
2 |
| Vegas Golden Knights |
3 |
2 |
2 |
7 |
|
Shots
|
| Boston Bruins |
12 |
10 |
9 |
31 |
| Vegas Golden Knights |
8 |
14 |
10 |
32 |
|
1st period
1. Vegas Golden Knights , Jaden Schwartz 14 (Rickard Rakell 15, Jordan Staal 9) at 0:16
2. Vegas Golden Knights , Reilly Smith 7 (Zach Parise 13) at 0:31
3. Vegas Golden Knights , Victor Olofsson 11 (Andrew Peeke 13, Nikolaj Ehlers 17) at 1:03
4. Boston Bruins , Tyson Barrie 8 (Brandon Hagel 24, Kyle Keyser) at 17:24 (PP)
Penalties :
Tyson Barrie (BOS) for Holding (Minor) at 6:14, Sean Monahan (VGK) for Hooking (Minor) at 17:12
2nd period
5. Vegas Golden Knights , Nikolaj Ehlers 8 (Victor Olofsson 15) at 3:30
6. Boston Bruins , Austin Wagner 3 (Mathieu Olivier 6, Sean Durzi 9) at 15:13
7. Vegas Golden Knights , Victor Olofsson 12 (Nikolaj Ehlers 18, Eric Staal 6) at 17:27
Penalties :
Ryan Donato (BOS) for Hooking (Minor) at 6:21
3rd period
8. Vegas Golden Knights , Rickard Rakell 22 (Sean Monahan 21) at 0:51 (PP)
9. Vegas Golden Knights , Jaden Schwartz 15 (Joe Pavelski 18, Chris Kreider 22) at 17:20 (PP)
Penalties :
Charlie McAvoy (BOS) for Holding (Minor) at 0:49, Jordan Staal (VGK) for Hooking (Minor) at 5:24, Brandon Hagel (BOS) for Roughing (Minor) at 10:05, Matt Grzelcyk (BOS) for Hooking (Minor) at 16:02, Chris Kreider (VGK) for Fighting (Major) at 17:33, Joel Farabee (BOS) for Fighting (Major) at 17:33, Joel Farabee (BOS) for instigated a fight (Minor) at 17:33, Joel Farabee (BOS) for instigated a fight (10 Minutes Misconduct) at 17:33, Sean Monahan (VGK) for Hooking (Minor) at 17:36
Goalie Stats
Leevi Merilainen (BOS), 4 saves from 6 shots - (0.667), 19:19 minutes
Kyle Keyser (BOS), 21 saves from 26 shots - (0.808), L, 3-3-2, 40:41 minutes
Philipp Grubauer (VGK), 29 saves from 31 shots - (0.935), W, 4-8-5, 60:00 minutes
Players Stats for Boston Bruins
Player Name G A P +/- PIM S H SB GA TA FO MP PP MP PK MP
------------------------------------------------------------------------------------
Anthony Beauvillier 0 0 0 -1 0 3 0 0 1 1 0/1 18:13 1:03 3:22
Austin Wagner 1 0 1 0 0 2 1 0 1 0 0/1 9:09 0:00 0:00
Brandon Hagel 0 1 1 0 2 2 4 1 0 0 0/5 18:18 1:11 2:41
Charlie McAvoy 0 0 0 -1 2 3 3 2 0 1 0/0 25:38 1:24 3:51
Dylan Gambrell 0 0 0 0 0 0 1 0 0 0 0/1 9:09 0:00 0:00
Jacob Larsson 0 0 0 -1 0 0 0 0 0 0 0/0 13:05 0:00 0:00
Joe Veleno 0 0 0 -3 0 0 0 0 0 0 2/4 13:52 0:00 0:50
Joel Farabee 0 0 0 -1 17 3 3 0 0 0 0/2 13:20 1:03 0:00
John-Jason Peterka 0 0 0 -3 0 2 0 0 1 0 0/1 13:07 0:03 0:00
Mathieu Olivier 0 1 1 0 0 3 0 0 0 1 0/0 9:09 0:00 0:00
Matt Grzelcyk 0 0 0 -2 2 0 1 0 0 0 0/0 18:15 0:50 0:26
Nicholas Merkley 0 0 0 -3 0 2 2 1 0 2 0/0 13:02 0:00 0:00
Pavel Zacha 0 0 0 0 0 3 0 0 2 0 3/16 19:18 1:11 3:40
Phil Kessel 0 0 0 0 0 1 0 1 1 0 4/14 19:22 1:08 3:22
Ryan Donato 0 0 0 -1 2 3 0 1 2 0 5/16 14:10 1:03 0:45
Sean Durzi 0 1 1 -2 0 0 2 1 0 0 0/0 22:18 0:50 3:42
Tyson Barrie 1 0 1 -1 2 3 3 2 0 0 0/0 24:18 1:24 2:56
Victor Mete 0 0 0 -1 0 1 0 0 0 0 0/0 16:55 0:00 3:45
Players Stats for Vegas Golden Knights
Player Name G A P +/- PIM S H SB GA TA FO MP PP MP PK MP
------------------------------------------------------------------------------------
Andrew Peeke 0 1 1 2 0 0 1 0 0 2 0/0 21:26 0:00 1:13
Anthony Cirelli 0 0 0 1 0 2 1 0 0 0 8/10 14:00 0:20 1:20
Chris Kreider 0 1 1 -1 5 0 0 1 0 1 1/1 17:37 3:45 0:03
Eric Staal 0 1 1 3 0 0 2 0 0 0 1/2 10:46 0:00 1:10
Jaden Schwartz 2 0 2 1 0 6 2 0 0 0 1/1 17:21 3:30 0:00
Joe Pavelski 0 1 1 -1 0 4 0 0 0 0 3/4 18:47 3:45 0:00
John Marino 0 0 0 2 0 0 1 0 0 1 0/0 18:27 3:31 0:00
Jon Merrill 0 0 0 2 0 2 5 0 0 1 0/0 23:50 3:32 0:00
Jordan Staal 0 1 1 1 2 2 1 0 0 0 9/9 14:18 0:00 0:00
Marc Staal 0 0 0 0 0 1 0 0 0 2 0/0 15:59 0:00 1:01
Marc-Edouard Vlasic 0 0 0 2 0 0 0 2 0 0 0/0 15:18 0:00 1:01
Nikolaj Ehlers 1 2 3 3 0 1 2 0 3 0 0/0 13:09 3:31 0:00
Reilly Smith 1 0 1 1 0 2 0 0 2 0 0/0 16:58 3:49 0:54
Rickard Rakell 1 1 2 1 0 3 0 0 0 0 0/1 17:29 3:18 0:00
Sean Monahan 0 1 1 -1 4 4 1 2 0 0 24/31 17:49 3:34 0:00
Travis Hamonic 0 0 0 0 0 2 0 0 0 1 0/0 17:07 0:17 1:13
Victor Olofsson 2 1 3 3 0 3 0 0 0 0 0/0 12:56 3:47 0:00
Zach Parise 0 1 1 1 0 0 3 0 0 0 0/2 12:29 0:00 1:01
3 Stars
1 - Victor Olofsson (VGK)
2 - Nikolaj Ehlers (VGK)
3 - Jaden Schwartz (VGK)
Power Play
Boston Bruins - 1 on 3 Attempt(s) - 33.33%
Vegas Golden Knights - 2 on 6 Attempt(s) - 33.33%
Penalty Kill
Boston Bruins - 4 on 6 Attempt(s) - 66.67%
- Score 0 goal in Penalty Kill
Vegas Golden Knights - 2 on 3 Attempt(s) - 66.67%
- Score 0 goal in Penalty Kill
Team Stat
Boston Bruins - Hits : 20 - Faceoff Wins : 14 - Blocked Shots : 9 - Penalty Minutes : 27
Vegas Golden Knights - Hits : 19 - Faceoff Wins : 47 - Blocked Shots : 5 - Penalty Minutes : 11
Official
Referees : Ian Walsh and Brad Watson
Linesman : Steve Miller and Scott Cherrey
Game Notes
1:03 of 1st period - Vegas Golden Knights goal is going for a video replay. After video review, Goal.
Kyle Keyser is injured at 0:41 of 3rd period (Bruised Right Foot)
Leevi Merilainen enters game at 0:41 of 3rd period
Chris Kreider and Joel Farabee fight to a draw at 17:33 of 3rd period
Finance
Level 1 -- Attendance: 5596 (93.27%) -- Ticket Income $531,620
Level 2 -- Attendance: 5000 (100.00%) -- Ticket Income $275,000
Level 3 -- Attendance: 2831 (94.37%) -- Ticket Income $84,930
Level 4 -- Attendance: 4610 (92.20%) -- Ticket Income $92,200
Luxury Box -- Attendance: 998 (99.80%) -- Ticket Income $189,620
Game was played at the T-Mobile Arena.
Total Attendance: 19035 (95.18%)
Total Ticket Income: $1,173,370
Other Income: $410,680
Total Income: $1,584,050
Boston Bruins
5 vs 5 Forward
Center Left Wing Right Wing Time % Phy DF OF
1 Pavel Zacha Brandon Hagel Phil Kessel 30 1 2 2
2 Ryan Donato Anthony Beauvillier Joel Farabee 30 1 2 2
3 Joe Veleno John-Jason Peterka Nicholas Merkley 25 1 2 2
4 Dylan Gambrell Austin Wagner Mathieu Olivier 15 1 2 2
5 vs 5 Defense
Defense Defense Time % Phy DF OF
1 Charlie McAvoy Tyson Barrie 30 1 2 2
2 Sean Durzi Matt Grzelcyk 30 1 2 2
3 Victor Mete Jacob Larsson 25 1 2 2
4 Charlie McAvoy Tyson Barrie 15 1 2 2
PowerPlay Forward
Center Left Wing Right Wing Time % Phy DF OF
1 Pavel Zacha Brandon Hagel Phil Kessel 50 1 2 2
2 Ryan Donato Anthony Beauvillier Joel Farabee 50 1 2 2
PowerPlay Defense
Defense Defense Time % Phy DF OF
1 Charlie McAvoy Tyson Barrie 50 1 2 2
2 Sean Durzi Matt Grzelcyk 50 1 2 2
Penalty Kill 4 Players Forward
Center Wing Time % Phy DF OF
1 Brandon Hagel Pavel Zacha 50 1 2 2
2 Phil Kessel Anthony Beauvillier 50 1 2 2
Penalty Kill 4 Players Defense
Defense Defense Time % Phy DF OF
1 Charlie McAvoy Tyson Barrie 50 1 2 2
2 Sean Durzi Victor Mete 50 1 2 2
Penalty Kill - 3 Players Forward
Forward Time % Phy DF OF
1 Brandon Hagel 50 1 2 2
2 Pavel Zacha 50 1 2 2
Penalty Kill - 3 Players Defense
Defense Defense Time % Phy DF OF
1 Charlie McAvoy Tyson Barrie 50 1 2 2
2 Sean Durzi Victor Mete 50 1 2 2
4 vs 4 Forward
Center Wing Time % Phy DF OF
1 Brandon Hagel Pavel Zacha 50 1 2 2
2 Phil Kessel Anthony Beauvillier 50 1 2 2
4 vs 4 Defense
Defense Defense Time % Phy DF OF
1 Charlie McAvoy Tyson Barrie 50 1 2 2
2 Sean Durzi Matt Grzelcyk 50 1 2 2
Last Minutes Offensive
Center Left Wing Right Wing Defense Defense
Pavel Zacha Brandon Hagel Phil Kessel Charlie McAvoy Tyson Barrie
Last Minutes Defensive
Center Left Wing Right Wing Defense Defense
Pavel Zacha Brandon Hagel Phil Kessel Charlie McAvoy Tyson Barrie
Goaltenders
Starting : Kyle Keyser
Backup : Leevi Merilainen
Extra Forwards
Normal : John-Jason Peterka, Nicholas Merkley, Joe Veleno - PP : John-Jason Peterka, Nicholas Merkley - PK : Joe Veleno
Extra Defensemen
Normal : Matt Grzelcyk, Victor Mete, Sean Durzi - PP : Matt Grzelcyk - PK : Victor Mete, Sean Durzi
Penalty Shots
Brandon Hagel, Pavel Zacha, Phil Kessel, Anthony Beauvillier, Joel Farabee
Vegas Golden Knights
5 vs 5 Forward
Center Left Wing Right Wing Time % Phy DF OF
1 Sean Monahan Chris Kreider Joe Pavelski 30 1 2 2
2 Jordan Staal Jaden Schwartz Rickard Rakell 30 1 2 2
3 Anthony Cirelli Zach Parise Reilly Smith 25 1 2 2
4 Eric Staal Nikolaj Ehlers Victor Olofsson 15 1 2 2
5 vs 5 Defense
Defense Defense Time % Phy DF OF
1 Jon Merrill Andrew Peeke 30 1 2 2
2 Marc Staal Travis Hamonic 30 1 2 2
3 Marc-Edouard Vlasic John Marino 25 1 2 2
4 Andrew Peeke Jon Merrill 15 1 2 2
PowerPlay Forward
Center Left Wing Right Wing Time % Phy DF OF
1 Joe Pavelski Chris Kreider Jaden Schwartz 50 1 2 2
2 Sean Monahan Rickard Rakell Victor Olofsson 50 1 2 2
PowerPlay Defense
Defense Defense Time % Phy DF OF
1 Reilly Smith Jon Merrill 50 1 2 2
2 Nikolaj Ehlers John Marino 50 1 2 2
Penalty Kill 4 Players Forward
Center Wing Time % Phy DF OF
1 Anthony Cirelli Zach Parise 50 1 2 2
2 Eric Staal Jordan Staal 50 1 2 2
Penalty Kill 4 Players Defense
Defense Defense Time % Phy DF OF
1 Andrew Peeke Travis Hamonic 50 1 2 2
2 Marc-Edouard Vlasic Marc Staal 50 1 2 2
Penalty Kill - 3 Players Forward
Forward Time % Phy DF OF
1 Zach Parise 50 1 2 2
2 Jordan Staal 50 1 2 2
Penalty Kill - 3 Players Defense
Defense Defense Time % Phy DF OF
1 Andrew Peeke Travis Hamonic 50 1 2 2
2 Eric Staal Marc Staal 50 1 2 2
4 vs 4 Forward
Center Wing Time % Phy DF OF
1 Joe Pavelski Chris Kreider 50 1 2 2
2 Sean Monahan Reilly Smith 50 1 2 2
4 vs 4 Defense
Defense Defense Time % Phy DF OF
1 Andrew Peeke Travis Hamonic 50 1 2 2
2 Jon Merrill John Marino 50 1 2 2
Last Minutes Offensive
Center Left Wing Right Wing Defense Defense
Joe Pavelski Chris Kreider Nikolaj Ehlers Jon Merrill John Marino
Last Minutes Defensive
Center Left Wing Right Wing Defense Defense
Anthony Cirelli Zach Parise Eric Staal Marc Staal Andrew Peeke
Goaltenders
Starting : Philipp Grubauer
Backup : Alexandar Georgiev
Extra Forwards
Normal : Reilly Smith, Joe Pavelski, Chris Kreider - PP : Victor Olofsson, Anthony Cirelli - PK : Reilly Smith
Extra Defensemen
Normal : Marc Staal, Andrew Peeke, Jon Merrill - PP : Travis Hamonic - PK : John Marino, Andrew Peeke
Penalty Shots
Rickard Rakell, Anthony Cirelli, Victor Olofsson, Zach Parise, Joe Pavelski
% Time on Ice - Boston Bruins
Lines # - Real PCT - Wanted PCT - Time Play
Normal Forward
1 - 28% - 30% - 13:25
2 - 27% - 30% - 12:54
3 - 27% - 25% - 13:02
4 - 19% - 15% - 9:09
Normal Defense
1 - 28% - 30% - 13:46
2 - 33% - 30% - 15:49
3 - 27% - 25% - 13:05
4 - 12% - 15% - 5:50
PP Forward
1 - 53% - 50% - 1:11
2 - 47% - 50% - 1:03
PP Defense
1 - 63% - 50% - 1:24
2 - 37% - 50% - 0:50
PK Forward
1 - 54% - 50% - 3:58
2 - 46% - 50% - 3:22
PK Defense
1 - 53% - 50% - 3:53
2 - 47% - 50% - 3:27
PK3 Forward
1 - 0% - 50%
2 - 0% - 50%
PK3 Defense
1 - 0% - 50%
2 - 0% - 50%
44 Forward
1 - 53% - 50% - 1:02
2 - 47% - 50% - 0:54
44 Defense
1 - 34% - 50% - 0:40
2 - 66% - 50% - 1:16
Last Minute Offensive - 0:00
Last Minute Defensive - 0:00
Total
Forward - 60:00
Defense - 60:00
|
% Time on Ice - Vegas Golden Knights
Lines # - Real PCT - Wanted PCT - Time Play
Normal Forward
1 - 28% - 30% - 13:43
2 - 30% - 30% - 14:36
3 - 23% - 25% - 11:16
4 - 18% - 15% - 8:55
Normal Defense
1 - 29% - 30% - 14:17
2 - 32% - 30% - 15:31
3 - 28% - 25% - 13:26
4 - 11% - 15% - 5:16
PP Forward
1 - 51% - 50% - 3:45
2 - 49% - 50% - 3:35
PP Defense
1 - 52% - 50% - 3:49
2 - 48% - 50% - 3:31
PK Forward
1 - 46% - 50% - 1:01
2 - 54% - 50% - 1:13
PK Defense
1 - 54% - 50% - 1:13
2 - 46% - 50% - 1:01
PK3 Forward
1 - 0% - 50%
2 - 0% - 50%
PK3 Defense
1 - 0% - 50%
2 - 0% - 50%
44 Forward
1 - 49% - 50% - 0:57
2 - 51% - 50% - 0:59
44 Defense
1 - 51% - 50% - 0:59
2 - 49% - 50% - 0:57
Last Minute Offensive - 0:00
Last Minute Defensive - 0:00
Total
Forward - 60:00
Defense - 60:00
|
Play-by-Play
1st period
0:01 of 1st period - Sean Monahan wins face-off versus Pavel Zacha in neutral zone.
0:12 of 1st period - Snap shot by Joe Pavelski.
0:12 of 1st period - Stopped by Kyle Keyser without a rebound.
0:13 of 1st period - Jordan Staal wins face-off versus Ryan Donato in Boston Bruins zone.
0:16 of 1st period - Snap shot by Jaden Schwartz.
0:16 of 1st period - Goal by Jaden Schwartz - Boston Bruins : 0 - Vegas Golden Knights : 1.
0:17 of 1st period - Joe Veleno wins face-off versus Zach Parise in neutral zone.
0:31 of 1st period - Slapshot by Reilly Smith.
0:31 of 1st period - Goal by Reilly Smith - Boston Bruins : 0 - Vegas Golden Knights : 2.
0:32 of 1st period - Jordan Staal wins face-off versus Ryan Donato in neutral zone.
0:45 of 1st period - Snap shot by Jaden Schwartz.
0:45 of 1st period - Stopped by Kyle Keyser with a rebound.
0:59 of 1st period - Snap shot by Nikolaj Ehlers.
0:59 of 1st period - Shot Blocked by Sean Durzi.
1:01 of 1st period - Slapshot by Andrew Peeke.
1:01 of 1st period - Shot Misses the Net.
1:03 of 1st period - Snap shot by Victor Olofsson.
1:03 of 1st period - Vegas Golden Knights goal is going for a video replay.
1:03 of 1st period - The goal is good.
1:03 of 1st period - Goal by Victor Olofsson - Boston Bruins : 0 - Vegas Golden Knights : 3.
1:04 of 1st period - Sean Monahan wins face-off versus Brandon Hagel in neutral zone.
1:40 of 1st period - Snap shot by Anthony Cirelli.
1:40 of 1st period - Shot Blocked by Charlie McAvoy.
2:20 of 1st period - Jacob Larsson is hit by Andrew Peeke and loses puck.
2:41 of 1st period - Backhand shot by Anthony Beauvillier.
2:41 of 1st period - Deflect By Brandon Hagel.
2:41 of 1st period - Shot Blocked by Sean Monahan.
2:41 of 1st period - Puck is out of play.
2:42 of 1st period - Sean Monahan wins face-off versus Pavel Zacha in Vegas Golden Knights zone.
2:55 of 1st period - Chris Kreider is hit by Charlie McAvoy.
3:15 of 1st period - Off-side.
3:16 of 1st period - Anthony Cirelli wins face-off versus Joel Farabee in neutral zone.
3:27 of 1st period - Wrist shot by Anthony Beauvillier.
3:27 of 1st period - Stopped by Philipp Grubauer without a rebound.
3:28 of 1st period - Jordan Staal wins face-off versus John-Jason Peterka in Vegas Golden Knights zone.
3:43 of 1st period - Wrist shot by Rickard Rakell.
3:43 of 1st period - Stopped by Kyle Keyser without a rebound.
3:44 of 1st period - Pavel Zacha wins face-off versus Anthony Cirelli in Boston Bruins zone.
4:01 of 1st period - Matt Grzelcyk is hit by Jon Merrill and loses puck.
4:22 of 1st period - Andrew Peeke is hit by Sean Durzi and loses puck.
6:03 of 1st period - John-Jason Peterka is hit by Jaden Schwartz and loses puck.
6:09 of 1st period - Icing by John-Jason Peterka.
6:10 of 1st period - Sean Monahan wins face-off versus Joe Veleno in Boston Bruins zone.
6:14 of 1st period - Minor Penalty to Tyson Barrie for Holding.
6:15 of 1st period - Sean Monahan wins face-off versus Brandon Hagel in Boston Bruins zone.
7:23 of 1st period - Icing by Sean Monahan.
7:24 of 1st period - Sean Monahan wins face-off versus Phil Kessel in Vegas Golden Knights zone.
7:29 of 1st period - Slapshot by Reilly Smith.
7:29 of 1st period - Deflect By Sean Monahan.
7:29 of 1st period - Shot Misses the Net.
7:29 of 1st period - Puck is out of play.
7:30 of 1st period - Phil Kessel wins face-off versus Joe Pavelski in Boston Bruins zone.
8:06 of 1st period - Off-side.
8:07 of 1st period - Sean Monahan wins face-off versus Phil Kessel in neutral zone.
8:14 of 1st period - Penalty to Tyson Barrie is over, Tyson Barrie is back on ice.
8:14 of 1st period - Snap shot by Victor Olofsson.
8:14 of 1st period - Shot Misses the Net.
8:34 of 1st period - Charlie McAvoy is hit by Zach Parise and loses puck.
9:28 of 1st period - Pavel Zacha is hit by Zach Parise and loses puck.
10:05 of 1st period - Snap shot by John-Jason Peterka.
10:05 of 1st period - Shot Misses the Net.
10:07 of 1st period - Wrist shot by Victor Mete.
10:07 of 1st period - Shot Misses the Net.
11:05 of 1st period - Backhand shot by Joel Farabee.
11:05 of 1st period - Stopped by Philipp Grubauer with a rebound.
11:07 of 1st period - Snap shot by Joel Farabee.
11:07 of 1st period - Deflect By Ryan Donato.
11:07 of 1st period - Shot Misses the Net.
11:07 of 1st period - Puck is out of play.
11:08 of 1st period - Sean Monahan wins face-off versus Ryan Donato in Vegas Golden Knights zone.
11:19 of 1st period - Wrist shot by Chris Kreider.
11:19 of 1st period - Shot Misses the Net.
11:31 of 1st period - Wrist shot by John-Jason Peterka.
11:31 of 1st period - Stopped by Philipp Grubauer without a rebound.
11:32 of 1st period - Anthony Cirelli wins face-off versus Joe Veleno in Vegas Golden Knights zone.
11:57 of 1st period - John-Jason Peterka is hit by Eric Staal and loses puck.
12:48 of 1st period - Snap shot by Rickard Rakell.
12:48 of 1st period - Shot Misses the Net.
12:50 of 1st period - Slapshot by Travis Hamonic.
12:50 of 1st period - Stopped by Kyle Keyser with a rebound.
13:22 of 1st period - Snap shot by Pavel Zacha.
13:22 of 1st period - Stopped by Philipp Grubauer with a rebound.
13:24 of 1st period - Slapshot by Phil Kessel.
13:24 of 1st period - Stopped by Philipp Grubauer with a rebound.
13:26 of 1st period - Slapshot by Tyson Barrie.
13:26 of 1st period - Shot Misses the Net.
13:36 of 1st period - Slapshot by Joel Farabee.
13:36 of 1st period - Deflect By Reilly Smith.
13:36 of 1st period - Shot Misses the Net.
13:36 of 1st period - Puck is out of play.
13:37 of 1st period - Ryan Donato wins face-off versus Sean Monahan in Vegas Golden Knights zone.
13:42 of 1st period - Snap shot by Joel Farabee.
13:42 of 1st period - Shot Misses the Net.
14:50 of 1st period - Slapshot by Joel Farabee.
14:50 of 1st period - Deflect By Ryan Donato.
14:50 of 1st period - Stopped by Philipp Grubauer with a rebound.
15:06 of 1st period - Wrist shot by Sean Monahan.
15:06 of 1st period - Stopped by Kyle Keyser with a rebound.
15:26 of 1st period - Snap shot by Jaden Schwartz.
15:26 of 1st period - Shot Blocked by Nicholas Merkley.
15:46 of 1st period - Snap shot by John-Jason Peterka.
15:46 of 1st period - Shot Misses the Net.
16:30 of 1st period - Slapshot by John-Jason Peterka.
16:30 of 1st period - Shot Misses the Net.
16:34 of 1st period - Snap shot by John-Jason Peterka.
16:34 of 1st period - Shot Misses the Net.
16:36 of 1st period - Slapshot by Victor Mete.
16:36 of 1st period - Shot Misses the Net.
16:43 of 1st period - Wrist shot by John-Jason Peterka.
16:43 of 1st period - Shot Misses the Net.
16:49 of 1st period - Snap shot by John-Jason Peterka.
16:49 of 1st period - Stopped by Philipp Grubauer with a rebound.
16:51 of 1st period - Snap shot by Nicholas Merkley.
16:51 of 1st period - Stopped by Philipp Grubauer with a rebound.
16:53 of 1st period - Wrist shot by Nicholas Merkley.
16:53 of 1st period - Stopped by Philipp Grubauer without a rebound.
16:54 of 1st period - Sean Monahan wins face-off versus Pavel Zacha in Vegas Golden Knights zone.
17:12 of 1st period - Minor Penalty to Sean Monahan for Hooking.
17:13 of 1st period - Anthony Cirelli wins face-off versus Pavel Zacha in Vegas Golden Knights zone.
17:22 of 1st period - Wrist shot by Brandon Hagel.
17:22 of 1st period - Stopped by Philipp Grubauer with a rebound.
17:24 of 1st period - Slapshot by Tyson Barrie.
17:24 of 1st period - Goal by Tyson Barrie - Boston Bruins : 1 - Vegas Golden Knights : 3.
17:25 of 1st period - Sean Monahan wins face-off versus Pavel Zacha in neutral zone.
17:32 of 1st period - Slapshot by Joe Pavelski.
17:32 of 1st period - Shot Misses the Net.
18:17 of 1st period - Dylan Gambrell is hit by Eric Staal and loses puck.
19:46 of 1st period - Snap shot by Anthony Beauvillier.
19:46 of 1st period - Stopped by Philipp Grubauer with a rebound.
19:48 of 1st period - Slapshot by Joel Farabee.
19:48 of 1st period - Shot Misses the Net.
19:50 of 1st period - Wrist shot by Joel Farabee.
19:50 of 1st period - Shot Misses the Net.
Goals for this period are 1 for Boston Bruins vs 3 for Vegas Golden Knights.
Shots for this period are 12 for Boston Bruins vs 8 for Vegas Golden Knights.
2nd period
0:01 of 2nd period - Sean Monahan wins face-off versus Pavel Zacha in neutral zone.
0:26 of 2nd period - Tyson Barrie is hit by Zach Parise and loses puck.
0:31 of 2nd period - Slapshot by Reilly Smith.
0:31 of 2nd period - Shot Misses the Net.
0:33 of 2nd period - Slapshot by Marc Staal.
0:33 of 2nd period - Stopped by Kyle Keyser without a rebound.
0:34 of 2nd period - Anthony Cirelli wins face-off versus Ryan Donato in Boston Bruins zone.
0:41 of 2nd period - Wrist shot by Ryan Donato.
0:41 of 2nd period - Stopped by Philipp Grubauer with a rebound.
0:59 of 2nd period - Sean Monahan is hit by Brandon Hagel and loses puck.
1:06 of 2nd period - Wrist shot by Phil Kessel.
1:06 of 2nd period - Shot Blocked by Chris Kreider.
1:43 of 2nd period - Wrist shot by Jaden Schwartz.
1:43 of 2nd period - Shot Misses the Net.
2:10 of 2nd period - Slapshot by Brandon Hagel.
2:10 of 2nd period - Stopped by Philipp Grubauer without a rebound.
2:11 of 2nd period - Sean Monahan wins face-off versus Pavel Zacha in Vegas Golden Knights zone.
2:59 of 2nd period - Wrist shot by Jaden Schwartz.
2:59 of 2nd period - Stopped by Kyle Keyser with a rebound.
3:01 of 2nd period - Snap shot by Jordan Staal.
3:01 of 2nd period - Stopped by Kyle Keyser with a rebound.
3:30 of 2nd period - Slapshot by Nikolaj Ehlers.
3:30 of 2nd period - Goal by Nikolaj Ehlers - Boston Bruins : 1 - Vegas Golden Knights : 4.
3:31 of 2nd period - Sean Monahan wins face-off versus Pavel Zacha in neutral zone.
3:40 of 2nd period - Wrist shot by Sean Monahan.
3:40 of 2nd period - Shot Misses the Net.
3:42 of 2nd period - Snap shot by Joe Pavelski.
3:42 of 2nd period - Stopped by Kyle Keyser with a rebound.
3:44 of 2nd period - Slapshot by Andrew Peeke.
3:44 of 2nd period - Shot Blocked by Charlie McAvoy.
3:46 of 2nd period - Snap shot by Sean Monahan.
3:46 of 2nd period - Shot Misses the Net.
3:48 of 2nd period - Slapshot by Chris Kreider.
3:48 of 2nd period - Shot Blocked by Tyson Barrie.
3:58 of 2nd period - Zach Parise is hit by Joel Farabee and loses puck.
4:03 of 2nd period - Snap shot by Joel Farabee.
4:03 of 2nd period - Deflect By Reilly Smith.
4:03 of 2nd period - Stopped by Philipp Grubauer without a rebound.
4:04 of 2nd period - Anthony Cirelli wins face-off versus Ryan Donato in Vegas Golden Knights zone.
4:04 of 2nd period - Anthony Cirelli is hit by Sean Durzi.
4:14 of 2nd period - Anthony Beauvillier is hit by Anthony Cirelli and loses puck.
4:23 of 2nd period - Wrist shot by Joel Farabee.
4:23 of 2nd period - Stopped by Philipp Grubauer with a rebound.
4:33 of 2nd period - Snap shot by Sean Monahan.
4:33 of 2nd period - Stopped by Kyle Keyser with a rebound.
4:35 of 2nd period - Snap shot by Travis Hamonic.
4:35 of 2nd period - Stopped by Kyle Keyser with a rebound.
4:37 of 2nd period - Snap shot by Chris Kreider.
4:37 of 2nd period - Shot Blocked by Ryan Donato.
5:11 of 2nd period - Slapshot by Austin Wagner.
5:11 of 2nd period - Stopped by Philipp Grubauer without a rebound.
5:12 of 2nd period - Sean Monahan wins face-off versus Dylan Gambrell in Vegas Golden Knights zone.
5:12 of 2nd period - Sean Monahan is hit by Tyson Barrie.
5:18 of 2nd period - Snap shot by Joe Pavelski.
5:18 of 2nd period - Stopped by Kyle Keyser with a rebound.
5:26 of 2nd period - Slapshot by Charlie McAvoy.
5:26 of 2nd period - Deflect By Mathieu Olivier.
5:26 of 2nd period - Stopped by Philipp Grubauer with a rebound.
5:28 of 2nd period - Wrist shot by Dylan Gambrell.
5:28 of 2nd period - Shot Blocked by Marc-Edouard Vlasic.
5:38 of 2nd period - Slapshot by Mathieu Olivier.
5:38 of 2nd period - Stopped by Philipp Grubauer without a rebound.
5:39 of 2nd period - Anthony Cirelli wins face-off versus Phil Kessel in Vegas Golden Knights zone.
5:39 of 2nd period - Anthony Cirelli is hit by Brandon Hagel.
5:51 of 2nd period - Off-side.
5:52 of 2nd period - Anthony Cirelli wins face-off versus Pavel Zacha in neutral zone.
6:01 of 2nd period - Wrist shot by Zach Parise.
6:01 of 2nd period - Shot Blocked by Phil Kessel.
6:09 of 2nd period - Pavel Zacha is hit by Jon Merrill and loses puck.
6:21 of 2nd period - Minor Penalty to Ryan Donato for Hooking.
6:22 of 2nd period - Sean Monahan wins face-off versus Phil Kessel in Boston Bruins zone.
6:52 of 2nd period - Anthony Beauvillier is hit by Jon Merrill and loses puck.
8:07 of 2nd period - Victor Mete is hit by Jon Merrill and loses puck.
8:21 of 2nd period - Penalty to Ryan Donato is over, Ryan Donato is back on ice.
8:30 of 2nd period - Zach Parise is hit by Tyson Barrie and loses puck.
9:45 of 2nd period - Eric Staal is hit by Brandon Hagel and loses puck.
10:14 of 2nd period - Sean Monahan is hit by Nicholas Merkley and loses puck.
11:52 of 2nd period - Andrew Peeke is hit by Charlie McAvoy.
11:59 of 2nd period - Icing by Charlie McAvoy.
12:00 of 2nd period - Joe Veleno wins face-off versus Rickard Rakell in Boston Bruins zone.
12:02 of 2nd period - Icing by Charlie McAvoy.
12:03 of 2nd period - Jaden Schwartz wins face-off versus Ryan Donato in Boston Bruins zone.
12:12 of 2nd period - Slapshot by Tyson Barrie.
12:12 of 2nd period - Deflect By Ryan Donato.
12:12 of 2nd period - Stopped by Philipp Grubauer with a rebound.
12:30 of 2nd period - Slapshot by Brandon Hagel.
12:30 of 2nd period - Shot Hit the Post.
13:16 of 2nd period - Mathieu Olivier is hit by Nikolaj Ehlers and loses puck.
13:29 of 2nd period - Jordan Staal is hit by Joel Farabee and loses puck.
13:35 of 2nd period - Off-side.
13:36 of 2nd period - Sean Monahan wins face-off versus Pavel Zacha in neutral zone.
13:51 of 2nd period - Slapshot by Sean Monahan.
13:51 of 2nd period - Stopped by Kyle Keyser with a rebound.
13:53 of 2nd period - Wrist shot by Jon Merrill.
13:53 of 2nd period - Stopped by Kyle Keyser with a rebound.
14:07 of 2nd period - Slapshot by Tyson Barrie.
14:07 of 2nd period - Stopped by Philipp Grubauer without a rebound.
14:08 of 2nd period - Jordan Staal wins face-off versus Ryan Donato in Vegas Golden Knights zone.
14:40 of 2nd period - Snap shot by Brandon Hagel.
14:40 of 2nd period - Shot Misses the Net.
15:02 of 2nd period - Travis Hamonic is hit by Austin Wagner and loses puck.
15:11 of 2nd period - Snap shot by Mathieu Olivier.
15:11 of 2nd period - Shot Blocked by Sean Monahan.
15:13 of 2nd period - Wrist shot by Austin Wagner.
15:13 of 2nd period - Goal by Austin Wagner - Boston Bruins : 2 - Vegas Golden Knights : 4.
15:14 of 2nd period - Pavel Zacha wins face-off versus Zach Parise in neutral zone.
15:17 of 2nd period - Andrew Peeke is hit by Tyson Barrie and loses puck.
15:30 of 2nd period - Snap shot by Anthony Cirelli.
15:30 of 2nd period - Stopped by Kyle Keyser with a rebound.
16:05 of 2nd period - Joe Veleno is hit by Nikolaj Ehlers and loses puck.
16:22 of 2nd period - Eric Staal is hit by Nicholas Merkley and loses puck.
16:35 of 2nd period - Snap shot by John-Jason Peterka.
16:35 of 2nd period - Shot Hit the Post.
17:15 of 2nd period - Wrist shot by Victor Olofsson.
17:15 of 2nd period - Stopped by Kyle Keyser with a rebound.
17:27 of 2nd period - Snap shot by Victor Olofsson.
17:27 of 2nd period - Goal by Victor Olofsson - Boston Bruins : 2 - Vegas Golden Knights : 5.
17:28 of 2nd period - Phil Kessel wins face-off versus Sean Monahan in neutral zone.
17:37 of 2nd period - Snap shot by Sean Monahan.
17:37 of 2nd period - Shot Misses the Net.
17:45 of 2nd period - Wrist shot by Sean Monahan.
17:45 of 2nd period - Stopped by Kyle Keyser with a rebound.
19:12 of 2nd period - Travis Hamonic is hit by Brandon Hagel and loses puck.
19:23 of 2nd period - Austin Wagner is hit by Sean Monahan and loses puck.
19:30 of 2nd period - Joe Pavelski is hit by Dylan Gambrell and loses puck.
Goals for this period are 1 for Boston Bruins vs 2 for Vegas Golden Knights.
Shots for this period are 10 for Boston Bruins vs 14 for Vegas Golden Knights.
3rd period
0:01 of 3rd period - Sean Monahan wins face-off versus Anthony Beauvillier in neutral zone.
0:04 of 3rd period - Anthony Beauvillier is hit by Jon Merrill and loses puck.
0:09 of 3rd period - Wrist shot by Chris Kreider.
0:09 of 3rd period - Shot Misses the Net.
0:11 of 3rd period - Snap shot by Jon Merrill.
0:11 of 3rd period - Stopped by Kyle Keyser without a rebound.
0:12 of 3rd period - Jordan Staal wins face-off versus Pavel Zacha in Boston Bruins zone.
0:17 of 3rd period - Wrist shot by Jaden Schwartz.
0:17 of 3rd period - Stopped by Kyle Keyser with a rebound.
0:19 of 3rd period - Backhand shot by Andrew Peeke.
0:19 of 3rd period - Shot Misses the Net.
0:21 of 3rd period - Slapshot by Rickard Rakell.
0:21 of 3rd period - Deflect By Jaden Schwartz.
0:21 of 3rd period - Shot Misses the Net.
0:21 of 3rd period - Puck is out of play.
0:22 of 3rd period - Jordan Staal wins face-off versus Phil Kessel in Boston Bruins zone.
0:35 of 3rd period - Snap shot by Jaden Schwartz.
0:35 of 3rd period - Stopped by Kyle Keyser with a rebound.
0:41 of 3rd period - Slapshot by Rickard Rakell.
0:41 of 3rd period - Stopped by Kyle Keyser with a rebound.
0:41 of 3rd period - Kyle Keyser from Boston Bruins is injured at 0:41 of 3rd period (Bruised Right Foot).
0:41 of 3rd period - Leevi Merilainen enters game.
0:42 of 3rd period - Sean Monahan wins face-off versus Ryan Donato in Boston Bruins zone.
0:47 of 3rd period - Wrist shot by Joe Pavelski.
0:47 of 3rd period - Shot Misses the Net.
0:49 of 3rd period - Minor Penalty to Charlie McAvoy for Holding.
0:50 of 3rd period - Sean Monahan wins face-off versus Phil Kessel in Boston Bruins zone.
0:51 of 3rd period - Wrist shot by Rickard Rakell.
0:51 of 3rd period - Goal by Rickard Rakell - Boston Bruins : 2 - Vegas Golden Knights : 6.
0:52 of 3rd period - Ryan Donato wins face-off versus Sean Monahan in neutral zone.
0:54 of 3rd period - Off-side.
0:55 of 3rd period - Sean Monahan wins face-off versus Ryan Donato in neutral zone.
0:57 of 3rd period - Off-side.
0:58 of 3rd period - Sean Monahan wins face-off versus Joel Farabee in neutral zone.
1:27 of 3rd period - Snap shot by Anthony Cirelli.
1:27 of 3rd period - Stopped by Leevi Merilainen without a rebound.
1:28 of 3rd period - Pavel Zacha wins face-off versus Anthony Cirelli in Boston Bruins zone.
1:37 of 3rd period - Wrist shot by Reilly Smith.
1:37 of 3rd period - Shot Blocked by Brandon Hagel.
1:55 of 3rd period - Zach Parise is hit by Joel Farabee and loses puck.
2:14 of 3rd period - Nicholas Merkley is hit by Jordan Staal and loses puck.
2:52 of 3rd period - Eric Staal is hit by Charlie McAvoy and loses puck.
3:03 of 3rd period - Slapshot by Charlie McAvoy.
3:03 of 3rd period - Stopped by Philipp Grubauer with a rebound.
3:05 of 3rd period - Snap shot by Charlie McAvoy.
3:05 of 3rd period - Stopped by Philipp Grubauer without a rebound.
3:06 of 3rd period - Jordan Staal wins face-off versus Ryan Donato in Vegas Golden Knights zone.
3:19 of 3rd period - Snap shot by Jordan Staal.
3:19 of 3rd period - Stopped by Leevi Merilainen without a rebound.
3:20 of 3rd period - Sean Monahan wins face-off versus Phil Kessel in Boston Bruins zone.
5:24 of 3rd period - Minor Penalty to Jordan Staal for Hooking.
5:25 of 3rd period - Ryan Donato wins face-off versus Eric Staal in Vegas Golden Knights zone.
5:32 of 3rd period - Snap shot by Joel Farabee.
5:32 of 3rd period - Shot Blocked by Marc-Edouard Vlasic.
5:34 of 3rd period - Slapshot by Charlie McAvoy.
5:34 of 3rd period - Shot Misses the Net.
6:25 of 3rd period - Icing by Phil Kessel.
6:26 of 3rd period - Eric Staal wins face-off versus Ryan Donato in Boston Bruins zone.
7:24 of 3rd period - Penalty to Jordan Staal is over, Jordan Staal is back on ice.
8:34 of 3rd period - Slapshot by Mathieu Olivier.
8:34 of 3rd period - Stopped by Philipp Grubauer without a rebound.
8:35 of 3rd period - Jordan Staal wins face-off versus Pavel Zacha in Vegas Golden Knights zone.
9:43 of 3rd period - Snap shot by Victor Olofsson.
9:43 of 3rd period - Deflect By Eric Staal.
9:43 of 3rd period - Shot Misses the Net.
9:43 of 3rd period - Puck is out of play.
9:44 of 3rd period - Anthony Cirelli wins face-off versus Pavel Zacha in Boston Bruins zone.
10:05 of 3rd period - Minor Penalty to Brandon Hagel for Roughing.
10:06 of 3rd period - Phil Kessel wins face-off versus Sean Monahan in Boston Bruins zone.
10:47 of 3rd period - Victor Mete is hit by Jaden Schwartz and loses puck.
12:05 of 3rd period - Penalty to Brandon Hagel is over, Brandon Hagel is back on ice.
13:01 of 3rd period - Wrist shot by Anthony Beauvillier.
13:01 of 3rd period - Stopped by Philipp Grubauer with a rebound.
13:03 of 3rd period - Wrist shot by Victor Mete.
13:03 of 3rd period - Stopped by Philipp Grubauer with a rebound.
13:49 of 3rd period - Mathieu Olivier is hit by John Marino.
14:03 of 3rd period - Snap shot by Pavel Zacha.
14:03 of 3rd period - Stopped by Philipp Grubauer with a rebound.
14:05 of 3rd period - Snap shot by Pavel Zacha.
14:05 of 3rd period - Stopped by Philipp Grubauer with a rebound.
15:00 of 3rd period - Travis Hamonic is hit by Matt Grzelcyk and loses puck.
16:02 of 3rd period - Minor Penalty to Matt Grzelcyk for Hooking.
16:03 of 3rd period - Sean Monahan wins face-off versus Phil Kessel in Boston Bruins zone.
16:46 of 3rd period - Off-side.
16:47 of 3rd period - Phil Kessel wins face-off versus Sean Monahan in neutral zone.
16:52 of 3rd period - Snap shot by Phil Kessel.
16:52 of 3rd period - Shot Misses the Net.
17:12 of 3rd period - Slapshot by Reilly Smith.
17:12 of 3rd period - Deflect By Joe Pavelski.
17:12 of 3rd period - Shot Misses the Net.
17:12 of 3rd period - Puck is out of play.
17:13 of 3rd period - Chris Kreider wins face-off versus Brandon Hagel in Boston Bruins zone.
17:20 of 3rd period - Snap shot by Jaden Schwartz.
17:20 of 3rd period - Goal by Jaden Schwartz - Boston Bruins : 2 - Vegas Golden Knights : 7.
17:21 of 3rd period - Ryan Donato wins face-off versus Sean Monahan in neutral zone.
17:26 of 3rd period - Wrist shot by Anthony Beauvillier.
17:26 of 3rd period - Shot Misses the Net.
17:28 of 3rd period - Snap shot by Charlie McAvoy.
17:28 of 3rd period - Stopped by Philipp Grubauer without a rebound.
17:29 of 3rd period - Ryan Donato wins face-off versus Sean Monahan in Vegas Golden Knights zone.
17:33 of 3rd period - Chris Kreider and Joel Farabee fight to a draw.
17:33 of 3rd period - Penalty to Chris Kreider for Fighting.
17:33 of 3rd period - Penalty to Joel Farabee for Fighting.
17:33 of 3rd period - Penalty to Joel Farabee for instigated a fight.
17:33 of 3rd period - Penalty to Joel Farabee for instigated a fight.
17:34 of 3rd period - Sean Monahan wins face-off versus Phil Kessel in Vegas Golden Knights zone.
17:36 of 3rd period - Minor Penalty to Sean Monahan for Hooking.
17:37 of 3rd period - Joe Pavelski wins face-off versus Brandon Hagel in Vegas Golden Knights zone.
17:47 of 3rd period - Snap shot by Joe Pavelski.
17:47 of 3rd period - Shot Misses the Net.
17:49 of 3rd period - Wrist shot by Reilly Smith.
17:49 of 3rd period - Stopped by Leevi Merilainen with a rebound.
17:51 of 3rd period - Snap shot by Joe Pavelski.
17:51 of 3rd period - Shot Blocked by Tyson Barrie.
17:53 of 3rd period - Wrist shot by Reilly Smith.
17:53 of 3rd period - Deflect By Joe Pavelski.
17:53 of 3rd period - Stopped by Leevi Merilainen without a rebound.
17:54 of 3rd period - Joe Pavelski wins face-off versus Phil Kessel in Boston Bruins zone.
18:31 of 3rd period - Off-side.
18:32 of 3rd period - Joe Pavelski wins face-off versus Brandon Hagel in neutral zone.
19:33 of 3rd period - Penalty to Joel Farabee is over, John-Jason Peterka is send on ice.
19:36 of 3rd period - Penalty to Sean Monahan is over, Sean Monahan is back on ice.
19:47 of 3rd period - Snap shot by Tyson Barrie.
19:47 of 3rd period - Stopped by Philipp Grubauer without a rebound.
19:48 of 3rd period - Jordan Staal wins face-off versus Austin Wagner in Vegas Golden Knights zone.
Goals for this period are 0 for Boston Bruins vs 2 for Vegas Golden Knights.
Shots for this period are 9 for Boston Bruins vs 10 for Vegas Golden Knights.
Back to the Top